 Dungeon Crawl Stone Soup version 0.25.0-65-g31bcc41 (webtiles) character file.

73 Dorkslayer the Covered (level 4, -13/29 HPs)
             Began as a Gargoyle Fighter on Nov 10, 2020.
             Mangled by an ogre
             ... wielding a +0 giant spiked club
              (14 damage)
             ... on level 1 of the Dungeon.
             The game lasted 00:00:54 (340 turns).

Dorkslayer the Covered (Gargoyle Fighter)            Turns: 340, Time: 00:00:55

Health: -13/29     AC: 10    Str: 21    XL:     4   Next: 27%
Magic:  4/4        EV:  7    Int:  8    God:
Gold:   38         SH:  9    Dex:  9    Spells: 3/3 levels left

rFire    . . .     SeeInvis .   a - +0 long sword
rCold    . . .     Gourm    .   c - +0 shield
rNeg     + . .     Faith    .   b - +0 scale mail
rPois    ∞         Spirit   .   (no helmet)
rElec    +         Reflect  .   (no cloak)
rCorr    .         Harm     .   (no gloves)
MR       .....                  (no boots)
Stlth    ..........             (no amulet)
HPRegen  0.09/turn              m - ring of flight
MPRegen  0.09/turn              (no ring)

@: no status effects
A: negative energy resistance 1, electricity resistance, unbreathing,
petrification resistance, rot immunity, AC +3
a: Evoke Flight


You were on level 1 of the Dungeon.
You were not hungry.

You visited 1 branch of the dungeon, and saw 1 of its levels.

You collected 38 gold pieces.

Inventory:

Hand Weapons
 a - a +0 long sword (weapon)
Armour
 b - a +0 scale mail (worn)
 c - a +0 shield (worn)
Jewellery
 m - a ring of flight (left hand)
Scrolls
 e - 2 scrolls of immolation {unknown}
 j - a scroll of amnesia {unknown}
 k - a scroll of identify {unknown}
 n - a scroll of remove curse {unknown}
Potions
 d - 2 potions of might
 g - 2 potions of lignification {unknown}
 h - a potion of agility {unknown}
 l - a potion of curing {unknown}
Comestibles
 f - 3 rations


   Skills:
 + Level 3.9 Fighting
 + Level 2.2 Long Blades
 + Level 4.2 Armour
 + Level 3.9 Shields


You had 3 spell levels left.
You didn't know any spells.
Your spell library was empty.

Dungeon Overview and Level Annotations

Branches:
Dungeon (1/3)
 Temple: D:1

Altars:
Dithmenos


Innate Abilities, Weirdness & Mutations

You are resistant to torment.
Your stone body is resilient. (AC +3)
You are immune to poison.
You resist negative energy. (rN+)
You are resistant to electric shocks. (rElec)
You can survive without breathing.
You are immune to petrification.
You are immune to rotting.


Message History

i - a cabochon ring Put on which piece of jewellery? (? for menu, Esc to quit)
You feel more attuned to fire.
i - a ring of fire (right hand) Drop what? 14/52 slots (_ for help) (? for menu, Esc to quit)
You remove your ring of fire.
You drop an uncursed ring of fire.
You barely miss the ogre.
The ogre hits you with a +0 giant spiked club.
Your shield and scale mail prevent you from hitting the ogre.
The ogre hits you with a +0 giant spiked club.
You slash the ogre!
The ogre is moderately wounded.
The ogre hits you with a +0 giant spiked club!!
Ouch! That really hurt!
* * * LOW HITPOINT WARNING * * *
You hit the ogre.
The ogre is heavily wounded.
The ogre hits you with a +0 giant spiked club!
You die...

.........).#.# #######.####
#..#.##.####.# #.# #.....#_.....#
#.#
##..#.#####################.#####
......(. ................).......
#####......................>#####
♣♣♣ .#............#.............
..♣♣ .#............#.############
...♣ ......O@..#'#### ....#
#+########.....# ≈≈..+ #.....#
≈≈≈≈# #.....# ##### #.....#
#........ #.....#).. #######....
...


You could see an ogre.

Vanquished Creatures
  An adder (D:1)
  An orc (D:1)
  A giant cockroach (D:1)
  A quokka (D:1)
4 creatures vanquished.

Notes
Turn   | Place    | Note
-------+----------+-------------------------------------------
     0 | D:1      | Dorkslayer the Gargoyle Fighter began the quest for the
                  | Orb.
     0 | D:1      | Reached XP level 1. HP: 14/14 MP: 1/1
    40 | D:1      | Reached XP level 2. HP: 19/20 MP: 2/2
    40 | D:1      | Reached XP level 3. HP: 23/24 MP: 3/3
   173 | D:1      | Found a shadowy altar of Dithmenos.
   249 | D:1      | Reached skill level 4 in Armour
   249 | D:1      | Reached XP level 4. HP: 28/29 MP: 4/4
   331 | D:1      | Noticed an ogre
   339 | D:1      | HP: 1/29 [ogre/+0 giant spiked club (19)]
   340 | D:1      | Mangled by an ogre

Skill      XL: |  1  2  3 |
---------------+----------+-----
Long Blades    | 2 |  2.2
Armour         | 4 |  4.2
Fighting       | |  3.9
Shields        | |  3.9

Action                   |  1- 3 |  4- 6 || total
-------------------------+-------+-------++-------
Melee: Long sword        |    11 |     6 ||    17
Armor: Scale mail        |     3 |       ||     3
Dodge: Dodged            |     4 |     3 ||     7
Block: Shield            |     5 |     1 ||     6
       Rpst.: Long sword |     2 |     2 ||     4
